 Dungeon Crawl Stone Soup version 0.30-a0-329-g85436e0a43 (webtiles) character file.

Game seed: 3512260060921873544

85 Cancer the Digger (level 4, -10/24 HPs)
             Began as a Gargoyle Earth Elementalist on Oct 29, 2022.
             Mangled by a hobgoblin
             ... wielding a +0 long sword
             ... led by Robin
              (13 damage)
             ... on level 2 of the Dungeon.
             The game lasted 00:02:34 (1698 turns).

Cancer the Digger (Gargoyle Earth Elementalist)     Turns: 1698, Time: 00:02:35

Health: -10/24     AC:  6    Str: 12    XL:     4   Next: 48%
Magic:  2/8        EV: 11    Int: 17    God:
Gold:   73         SH:  0    Dex: 10    Spells: 7/8 levels left

rFire   . . .      SeeInvis .    (no weapon)
rCold   . . .      Faith    .    (no shield)
rNeg    + . .      Spirit   .    a - +0 robe
rPois   ∞          Reflect  .    (no helmet)
rElec   +          Harm     .    (no cloak)
rCorr   .          Rampage  .    (no gloves)
Will    .....                    o - +0 pair of boots
Stlth   ++........               (no amulet)
HPRegen 0.24/turn                (no ring)
MPRegen 0.11/turn                (no ring)

@: no status effects
A: sickness immunity, AC +3, negative energy resistance 1, electricity
resistance, torment resistance 1, petrification resistance
a: no special abilities


You were on level 2 of the Dungeon.
You visited 1 branch of the dungeon, and saw 2 of its levels.

You collected 73 gold pieces.

Inventory:

Missiles
 j - a throwing net
Armour
 a - a +0 robe (worn)
 o - a +0 pair of boots (worn)
Jewellery
 p - an amulet of regeneration
Wands
 l - a wand of flame (16)
Scrolls
 e - a scroll of silence {unknown}
 h - 2 scrolls of fear {unknown}
 i - a scroll of teleportation {unknown}
 k - 2 scrolls of identify {unknown}
 n - a scroll of noise {unknown}
Potions
 b - a potion of magic
 c - a potion of curing {unknown}
 d - 2 potions of brilliance {unknown}
 f - a potion of heal wounds {unknown}
 g - a potion of attraction {unknown}
 m - a potion of cancellation {unknown}


   Skills:
 - Level 1.5 Dodging
 - Level 2.1 Stealth
 + Level 2.9 Spellcasting
 + Level 2.2 Conjurations
 - Level 0.7 Transmutations
 + Level 4.6 Earth Magic


You had 7 spell levels left.
You knew the following spells:

 Your Spells              Type           Power      Damage    Failure   Level
a - Sandblast             Erth           36%        2d10      2%          1

Your spell library contained the following spells:

 Spells                   Type           Power      Damage    Failure   Level
 Passwall                 Tmut/Erth      9%         N/A       9%          2
 Stone Arrow              Conj/Erth      28%        3d8       13%         3
 Sting                    Tmut/Pois      12%        1d3       16%         1
 Poisonous Vapours        Pois/Air       4%         N/A       26%         2
 Petrify                  Tmut/Erth      11%        N/A       50%         4
 Olgreb's Toxic Radiance  Pois           2%         N/A       87%         4


Dungeon Overview and Level Annotations

Branches:
Dungeon (2/15)

Altars:

Annotations:
D:2 Robin


Innate Abilities, Weirdness & Mutations

You are immune to sickness and miasma.
Your stone body is resilient. (AC +3)
You are immune to poison.
You resist negative energy. (rN+)
You are resistant to electric shocks. (rElec)
You are resistant to unholy torment.
You are immune to petrification.


Message History

The blast of sand hits the goblin.
You kill the goblin!
Robin roars a battlecry!
The goblins go into a battle-frenzy!
The blast of sand hits the goblin!
You kill the goblin!
Robin throws the goblin at you!
The hobgoblin hits you with a +0 long sword.
The goblin hits you with a +1 vampiric dagger.
The blast of sand misses the goblin.
The hobgoblin barely misses you.
The goblin hits you with a +1 vampiric dagger.
The blast of sand hits the goblin!
You kill the goblin!
Robin barely misses you. The hobgoblin closely misses you.
Robin hits you but does no damage.
The hobgoblin hits you but does no damage.
Casting: Sandblast (safe; 2% risk of failure)
Confirm with . or Enter, or press ? or * to list all spells.
Aiming: Sandblast (safe; 2% risk of failure)
Press: ? - help, Shift-Dir - straight line, f - hobgoblin
Aim: a hobgoblin (strong, 82% to hit)
The blast of sand hits the hobgoblin.
The hobgoblin is almost dead.
Robin hits you but does no damage.
The hobgoblin hits you with a +0 long sword.
The hobgoblin barely misses you.
Casting: Sandblast (safe; 2% risk of failure)
Confirm with . or Enter, or press ? or * to list all spells.
Aiming: Sandblast (safe; 2% risk of failure)
Press: ? - help, Shift-Dir - straight line, f/p - hobgoblin
Aim: a hobgoblin (almost dead, strong, 82% to hit)
The blast of sand hits the hobgoblin!
You kill the hobgoblin!
Robin hits you from afar with a +0 spear.
The hobgoblin hits you with a +0 long sword!
* * * LOW HITPOINT WARNING * * *
A hobgoblin comes into view.
The hobgoblin hits you with a +0 long sword!
Ouch! That really hurt!
You die...

.##.. ######## ##....
#........ ...#
#######........###.#
#.........# #.....##
#.........# ##...>.##########
#<........####...)..........>.
#...........)g)g.g#..#####.###
#..........##@#...............
#.............#######.####....
#.........#..### #..# #.###
############...#######.# #.###
#.#......##.###.#..
##.######..#.#...#..
#########..# ##.....###..
##.....##..## #.....# #..
##.........## #.##..###..


You could see Robin and 2 hobgoblins.

Vanquished Creatures
  Jessica (D:2)
  2 dart slugs (D:1)
  5 endoplasms
  2 giant cockroaches
  8 goblins
  7 hobgoblins
  3 jackals (D:2)
  4 kobolds
  3 quokkas
  6 ball pythons
  2 bats (D:1)
  2 frilled lizards
  4 rats
49 creatures vanquished.

Notes
Turn   | Place    | Note
-------+----------+-------------------------------------------
     0 | D:1      | Cancer the Gargoyle Earth Elementalist began the quest for
                  | the Orb.
     0 | D:1      | Reached XP level 1. HP: 10/10 MP: 3/3
   142 | D:1      | Reached XP level 2. HP: 15/15 MP: 1/5
   309 | D:1      | Reached skill level 1 in Conjurations
   326 | D:1      | Reached skill level 4 in Earth Magic
   557 | D:1      | Reached XP level 3. HP: 18/19 MP: 3/6
  1374 | D:2      | Noticed Jessica
  1385 | D:2      | Killed Jessica
  1386 | D:2      | Reached XP level 4. HP: 17/24 MP: 3/8
  1388 | D:2      | Noticed Robin
  1698 | D:2      | Mangled by a hobgoblin

Illustrated notes

Levels and vault maps discovered:
D:1:      scummos_arrival_hexagon, layout_basic
D:2:      layout_rooms, uniq_robin, uniq_jessica

Skill      XL: |  1  2  3 |
---------------+----------+-----
Conjurations   | 1 2 |  2.2
Earth Magic    | 4 |  4.6
Dodging        | |  1.5
Stealth        | |  2.1
Spellcasting   | |  2.9
Transmutations | |  0.7

Action                   |  1- 3 |  4- 6 || total
-------------------------+-------+-------++-------
Melee: Unarmed           |    16 |       ||    16
 Cast: Sandblast         |    51 |    14 ||    65
 Stab: Distracted        |     1 |       ||     1
Armor: Robe              |    10 |    10 ||    20
Dodge: Dodged            |    32 |    16 ||    48

Table legend: (Time is in decaauts)
 A = Elapsed time spent in this place.
 B = Non-inter-level travel time spent in this place.
 C = Inter-level travel time spent in this place.
 D = Time resting spent in this place.
 E = Time spent auto-exploring this place.
 F = Levels seen in this place.
 G = Mean time per level.
                   A        B        C        D        E       F      G
               +--------+--------+--------+--------+--------+-----+--------+
         Total |   1736 |   1669 |     67 |      5 |   1328 |   2 |  868.0 |
       Dungeon |   1736 |   1669 |     67 |      5 |   1328 |   2 |  868.0 |
               +--------+--------+--------+--------+--------+-----+--------+

Top non-repeatable levels by time:
     D:1: 1214 daAuts
     D:2: 521 daAuts
